 Dungeon Crawl Stone Soup version 0.27.0-1-g7a089689b8 (webtiles) character file.

Game seed: 12657402216725353283

1661 Smaepdii the Slasher (level 9, -1/69 HPs)
             Began as a Human Monk on Aug 14, 2021.
             Was a Believer of Zin.
             Killed from afar by a steam dragon (19 damage)
             ... with a ball of steam
             ... on level 7 of the Dungeon.
             The game lasted 00:33:28 (7273 turns).

Smaepdii the Slasher (Human Monk)                   Turns: 7273, Time: 00:33:28

Health: -1/69      AC:  9    Str: 11    XL:     9   Next: 20%
Magic:  11/11      EV: 13    Int: 11    God:    Zin [**....]
Gold:   144        SH:  0    Dex: 19    Spells: 8/8 levels left

rFire    . . .     SeeInvis .   j - +3 dagger (venom)
rCold    . . .     Faith    .   (no shield)
rNeg     . . .     Spirit   .   c - +0 ring mail
rPois    .         Reflect  .   (no helmet)
rElec    .         Harm     .   t - +2 cloak {Will+}
rCorr    .         Rampage  .   (no gloves)
Will     +....                  e - +0 pair of boots
Stlth    +.........             f - amulet of regeneration
HPRegen  1.21/turn              (no ring)
MPRegen  0.12/turn              (no ring)

@: confused
A: no striking features
a: Renounce Religion, Recite, Vitalisation, Donate Gold


You were on level 7 of the Dungeon.
You worshipped Zin.
Zin was pleased with you.
You visited 2 branches of the dungeon, and saw 8 of its levels.

You collected 159 gold pieces.
You donated 15 gold pieces to Zin.

Inventory:

Hand Weapons
 a - a +0 falchion
 j - a +3 dagger of venom (weapon)
Missiles
 k - a boomerang
 q - 32 poisoned darts
 s - 2 throwing nets
Armour
 c - a +0 ring mail (worn)
 e - a +0 pair of boots (worn)
 m - a +2 robe of willpower
 t - a +2 cloak of willpower (worn)
Jewellery
 f - an amulet of regeneration (around neck)
 p - a ring of ice
Wands
 l - a wand of flame (22) (quivered)
 n - a wand of iceblast (3)
Scrolls
 g - 2 scrolls of teleportation
 o - a scroll of fog
 r - a scroll of fear
Potions
 b - a potion of heal wounds
 d - 6 potions of curing
 h - a potion of brilliance {unknown}
 i - 2 potions of attraction


   Skills:
 + Level 5.7 Fighting
 * Level 7.6 Long Blades
 + Level 5.7 Dodging
 - Level 4.6 Stealth
 + Level 3.1 Invocations


You had 8 spell levels left.
You didn't know any spells.
Your spell library contained the following spells:

 Spells                   Type           Power      Damage    Failure   Level
 Animate Skeleton         Necr           0%         N/A       65%         1
 Beastly Appendage        Tmut           0%         N/A       65%         1
 Pain                     Necr           0%         1d4       65%         1
 Wereblood                Tmut           0%         N/A       78%         2
 Ignite Poison            Fire/Tmut/Pois 0%         N/A       95%         3
 Mephitic Cloud           Conj/Pois/Air  0%         N/A       95%         3
 Spider Form              Tmut/Pois      0%         N/A       95%         3
 Vampiric Draining        Necr           0%         2d6       95%         3
 Bolt of Magma            Conj/Fire/Erth 0%         4d4       100%        5


Dungeon Overview and Level Annotations

Branches:
Dungeon (7/15)             Temple (1/1) D:4

Altars:
Ashenzari
Cheibriados
Dithmenos
Elyvilon
Fedhas
Hepliaklqana
Kikubaaqudgha
Makhleb
Nemelex Xobeh
Okawaru
Qazlal
Ru
Sif Muna
Trog
Uskayaw
Vehumet
Wu Jian
Xom
Yredelemnul
Zin
The Shining One

Shops:
D:4 :

Annotations:
D:4 3 runed translucent doors, ZARRMARR's ghost, amateur KoCj; garrulousMonolith's ghost, novice HOMo


Message History

HP restored.
There is a stone staircase leading down here.
You climb downwards.
The vampire gestures wildly while chanting.
The vampire flickers and vanishes!
Deactivating autopickup; reactivate with Ctrl-A.
There is a stone staircase leading up here.
Something hits you! Something bites you!
Something draws strength from your injuries!
The steam dragon closely misses you. x2
You completely miss the steam dragon.
The steam dragon is heavily wounded.
Something hits you! Something bites you.
Something draws strength from your injuries!
The steam dragon bites you but does no damage.
The steam dragon claws you but does no damage.
You hit the steam dragon but do no damage.
The steam dragon is heavily wounded.
Something hits you. Something bites you.
Something draws strength from your injuries!
You barely miss the steam dragon.
The steam dragon is heavily wounded.
The steam dragon bites you. The steam dragon closely misses you.
You hit the steam dragon.
The steam dragon is heavily wounded.
Something hits you. Something bites you but does no damage.
The steam dragon bites you. The steam dragon claws you.
You hit the steam dragon.
The steam dragon is poisoned.
The steam dragon is heavily wounded.
Something hits you. Something completely misses you.
The steam dragon bites you.
* * * LOW HITPOINT WARNING * * *
The steam dragon claws you.
* * * LOW HITPOINT WARNING * * *
You hear some strange, mumbled words.
You are confused.
There is a stone staircase leading up here.
The steam dragon breathes steam at you. The ball of steam hits you!!
You die...

## .# .# .# .# ... #####
##### Z#.... #...#
##...## .#....
#...###.....##.....#
#..@##.....).#....#
.####.{D##§V........#
.........##.§§.........#
...........D.......#..##
.####..##.#..............
#.. #.#.......###.#.. #.>
#.........# .... ...
#..#.....## .# ....
#..##....# .#


You could see a steam dragon (very poisoned, catching breath).

Vanquished Creatures
  Menkaure (D:6)
  Edmund (D:6)
  2 ice beasts (D:5)
  2 necrophages
  An ogre (D:5)
  2 phantoms
  A centaur (D:7)
  A kobold brigand (D:6)
  Blork the orc (D:3)
  A scorpion (D:3)
  2 centaur zombies (D:5)
  A bullfrog zombie (D:5)
  A jelly (D:5)
  A gnoll shaman (D:6)
  Crazy Yiuf (D:6)
  A bullfrog skeleton (D:5)
  An iguana (D:5)
  A hound skeleton (D:4)
  A howler monkey zombie (D:5)
  8 gnolls
  4 adders
  A shadow imp (D:6)
  A white imp (D:6)
  3 ufetubi
  An adder skeleton (D:4)
  A worm (D:2)
  4 dart slugs
  8 orcs
  5 endoplasms
  2 giant cockroaches
  6 goblins
  9 hobgoblins
  9 jackals
  7 quokkas
  6 ball pythons
  A bat (D:3)
  A frilled lizard (D:3)
  13 kobolds
  A quokka skeleton (D:4)
  6 rats
120 creatures vanquished.

Vanquished Creatures (others)
  Sigmund (D:6)
  A bullfrog skeleton (D:7)
  3 orcs (D:6)
5 creatures vanquished.

Grand Total: 125 creatures vanquished

Notes
Turn   | Place    | Note
-------+----------+-------------------------------------------
     0 | D:1      | Smaepdii the Human Monk began the quest for the Orb.
     0 | D:1      | Reached XP level 1. HP: 18/18 MP: 1/1
   370 | D:1      | Reached XP level 2. HP: 20/24 MP: 2/2
   448 | D:1      | Noticed a golden eye
   450 | D:1      | Found a faded altar of an unknown god.
   452 | D:1      | Noticed a floating eye
   452 | D:1      | Noticed a floating eye
   452 | D:1      | Noticed a shining eye
  1227 | D:2      | Reached XP level 3. HP: 29/29 MP: 3/3
  1706 | D:2      | Reached XP level 4. HP: 31/34 MP: 4/4
  2188 | D:3      | Noticed a scorpion
  2206 | D:3      | Killed a scorpion
  2207 | D:3      | Reached skill level 4 in Long Blades
  2207 | D:3      | Reached XP level 5. HP: 30/41 MP: 5/5
  2795 | D:4      | Noticed Blork the orc
  3111 | D:4      | Noticed a necrophage
  3161 | D:4      | Killed a necrophage
  3162 | D:4      | Reached XP level 6. HP: 12/48 MP: 6/6
  3419 | D:3      | Killed Blork the orc
  3601 | D:4      | Reached skill level 5 in Long Blades
  3718 | D:4      | Found a runed translucent gate.
  3719 | D:4      | Found a runed translucent gate.
  3720 | D:4      | Found a runed translucent gate.
  3722 | D:4      | Noticed garrulousMonolith's ghost (novice HOMo)
  3722 | D:4      | Noticed ZARRMARR's ghost (amateur KoCj)
  3744 | D:4      | You fall into a shaft and drop 2 floors!
  3880 | D:5      | Entered Level 5 of the Dungeon
  3957 | D:5      | Noticed an ice beast
  3962 | D:5      | Reached XP level 7. HP: 49/54 MP: 7/7
  4474 | D:5      | Reached skill level 6 in Long Blades
  4474 | D:5      | Reached XP level 8. HP: 12/61 MP: 8/8
  4854 | D:4      | Found Unogrose's Book Emporium.
  4871 | D:4      | Found a staircase to the Ecumenical Temple.
  4880 | Temple   | Entered the Ecumenical Temple
  4885 | Temple   | Became a worshipper of Zin the Law-Giver
  4885 | Temple   | Reached * piety under Zin
  4885 | Temple   | Reached ** piety under Zin
  5689 | D:5      | Reached skill level 5 in Fighting
  5689 | D:5      | Reached skill level 5 in Dodging
  5689 | D:5      | Reached skill level 1 in Invocations
  6114 | D:6      | Noticed Sigmund
  6253 | D:6      | Noticed Menkaure
  6255 | D:6      | Killed Menkaure
  6292 | D:6      | Killed Sigmund
  6293 | D:6      | Reached skill level 7 in Long Blades
  6464 | D:6      | Noticed Edmund
  6530 | D:6      | Killed Edmund
  6531 | D:6      | Reached XP level 9. HP: 63/68 MP: 9/11
  6839 | D:6      | Found a runed translucent door.
  6840 | D:6      | Noticed Crazy Yiuf
  6984 | D:6      | Killed Crazy Yiuf
  7273 | D:7      | Killed from afar by a steam dragon

Illustrated notes

Levels and vault maps discovered:
D:1:      dpeg_arrival_ratfight, layout_basic,
          hellmonk_ecumenical_altar_watching_god
D:2:      layout_rooms, minmay_goblin_outpost
D:3:      layout_basic
D:4:      layout_rooms, minmay_temple_entry_antechambers, serial_shops,
          nicolae_shop_behind_doors, gammafunk_ghost_cemetery,
          uniq_blork_the_orc
D:5:      layout_basic
D:6:      layout_rooms, chequers_serial_rivers_micro_b, hex_large,
          corexii_leaking_fountain, lemuel_flamethrower_2,
          uniq_crazy_yiuf_cottage, uniq_menkaure, uniq_edmund, uniq_sigmund
D:7:      layout_rooms, gammafunk_ghost_wrathful_warriors
Temple:   nicolae_temple_the_god_donut

Skill      XL: |  1  2  3  4  5  6  7  8  9 |
---------------+----------------------------+-----
Long Blades    | 4 5 6 7 |  7.6
Stealth        | 3 4 |  4.6
Fighting       | 4 5 |  5.7
Dodging        | 4 5 |  5.7
Invocations    | 2 3 |  3.1

Action                   |  1- 3 |  4- 6 |  7- 9 || total
-------------------------+-------+-------+-------++-------
Melee: Falchion          |    85 |       |       ||    85
       Dagger            |    11 |   160 |   215 ||   386
Throw: Boomerang         |       |     6 |       ||     6
       Dart              |       |       |    13 ||    13
Invok: Recite            |       |       |     7 ||     7
Evoke: Wand              |       |       |    13 ||    13
  Use: Scroll            |       |     4 |     5 ||     9
 Stab: Sleeping          |     1 |     4 |     3 ||     8
Armor: Ring mail         |    33 |    48 |    62 ||   143
Dodge: Dodged            |    50 |    88 |   128 ||   266
       Rpst.: Falchion   |    12 |       |       ||    12
